 Dungeon Sprint DCSS version 0.27.1-33-g824d729ab1 (webtiles) character file.

Game seed: 13723363510259274864

450 Adenis the Unseen (level 6, -7/44 HPs)
             Began as a Vampire Brigand on Dec 3, 2021.
             Was an Initiate of Dithmenos.
             Mangled by Sonja the yak (12 damage)
             ... in the Dungeon (Sprint I: "Red Sonja").
             The game lasted 00:02:06 (105 turns).

Adenis the Unseen (Vampire Brigand)                  Turns: 105, Time: 00:02:10

Health: -7/44      AC:  3    Str: 10    XL:     6   Next: 74%
Magic:  10/10      EV: 12    Int: 13    God:    Dithmenos [......]
Gold:   243        SH:  0    Dex: 18    Spells: 10/10 levels left

rFire    . . .     SeeInvis +   a - +2 dagger
rCold    . . .     Faith    .   (no shield)
rNeg     . . .     Spirit   .   b - +0 robe
rPois    .         Reflect  .   (no helmet)
rElec    .         Harm     .   c - +0 cloak
rCorr    .         Rampage  .   (no gloves)
Will     .....     NoTele   +   (no boots)
Stlth    +++++++...             (no amulet)
HPRegen  0.34/turn              (no ring)
MPRegen  0.12/turn              (no ring)

@: lethally poisoned (-7 -> -8), healing quickly, slowed, very slow
A: alive, fangs 3, see invisible, vampiric 2
a: Exsanguinate, Renounce Religion


You were in the Dungeon.
You worshipped Dithmenos.
Dithmenos was noncommittal.
You visited 1 branch You collected 243 gold pieces.

Inventory:

Hand Weapons
 a - a +2 dagger (weapon)
Missiles
 d - 8 poisoned darts (quivered)
 e - 2 curare-tipped darts
Armour
 b - a +0 robe (worn)
 c - a +0 cloak (worn)
Wands
 j - a wand of polymorph (10)
Scrolls
 k - a scroll of blinking
Potions
 f - 2 potions of curing
 g - a potion of heal wounds
 h - a potion of haste
 i - 2 potions of magic
 l - a potion of degeneration {unknown}


   Skills:
 - Level 1.7 Fighting
 * Level 3.9 Short Blades
 - Level 1.5 Throwing
 - Level 1.1 Dodging
 + Level 19.7 Stealth
 * Level 2.9 Spellcasting


You had 10 spell levels left.
You didn't know any spells.
Your spell library was empty.

Dungeon Overview and Level Annotations

Branches:
Dungeon (1/1)

Altars:
Cheibriados
Dithmenos
Elyvilon
Fedhas
Gozag
Hepliaklqana
Kikubaaqudgha
Nemelex Xobeh
Okawaru
Qazlal
Ru
Sif Muna
Trog
Uskayaw
Vehumet
Wu Jian
Yredelemnul
Zin
The Shining One

Shops:
D =

Annotations:
D Sonja


Innate Abilities, Weirdness & Mutations

Your natural rate of healing is accelerated.
You have razor-sharp teeth.
You have supernaturally acute eyesight. (SInv)
You are afflicted with vampirism and can become a bat while bloodless.


Message History

There is an ancient bone altar of Kikubaaqudgha here.
There is a basalt altar of Yredelemnul here.
There is a shadowy altar of Dithmenos here.
You don't know any spells.
You kneel at the altar of Dithmenos.
Dithmenos welcomes you!
There is a basalt altar of Yredelemnul here.
There is a hide-covered altar of Uskayaw here.
You see here a yak corpse.
There is an open door here.
You open the door.
Found 135 gold pieces.
There is an open door here.
You now have 135 gold pieces (gained 27).
You now have 162 gold pieces (gained 27).
You now have 189 gold pieces (gained 27).
You now have 216 gold pieces (gained 27).
You now have 243 gold pieces (gained 27).
There is an open door here.
You open the door.
Sonja, the Graceful Assassin comes into view.
She is wielding a +2 short sword of distortion and quivering curare-tipped darts.
Found 108 gold pieces.
There is an open door here.
Sonja shouts!
Sonja throws a curare-tipped dart.
The curare-tipped dart hits you.
You are poisoned.
You have difficulty breathing.
You feel yourself slow down.
You hit Sonja.
Sonja is lightly wounded.
You feel sick.
Sonja hits you with a +2 short sword of distortion!
Space bends around you.
Sonja hits you with a +2 short sword of distortion!
* * * LOW HITPOINT WARNING * * *
Sonja barely misses you.
Aiming: Polymorph
Press: ? - help, Shift-Dir - straight line, f - Sonja
Aim: Sonja, wielding a +2 short sword of distortion and quivering curare-tipped darts (lightly wounded, will become a black bear, a yak, or a rime drake, chance to affect: 54%) Sonja evaporates and reforms as a yak!
You feel sick. Sonja gores you!
You die...

#..').#.)'..#..+
#..#####+#####'#
#..#### #...#[#
#..#__####..##.#
#..#_____##'#_.+
#⌠⌠#_.∩..†'..._#
####_..__##_.#+#
#_____###'#
####### #@#


+$Y$+ #$.$# ##.## #+# You could see Sonja the yak.

Vanquished Creatures
  Sigmund (D)
  A yak (D)
  An ogre (D)
  A jelly (D)
  Ijyb (D)
5 creatures vanquished.

Notes
Turn   | Place    | Note
-------+----------+-------------------------------------------
     0 | D        | Adenis the Vampire Brigand began the quest for the Orb.
     0 | D        | Reached XP level 1. HP: 16/16 MP: 1/1
     2 | D        | Noticed Ijyb
    10 | D        | Killed Ijyb
    11 | D        | Reached skill level 10 in Stealth
    11 | D        | Reached XP level 2. HP: 22/22 MP: 2/2
    15 | D        | Noticed an ogre
    19 | D        | Killed an ogre
    20 | D        | Reached skill level 14 in Stealth
    20 | D        | Gained mutation: You are afflicted with vampirism and can
                  | become a bat while bloodless. [Vampire growth]
    20 | D        | Reached XP level 3. HP: 27/27 MP: 3/3
    20 | D        | Reached XP level 4. HP: 33/33 MP: 4/4
    21 | D        | Noticed Sigmund
    25 | D        | Killed Sigmund
    26 | D        | Reached skill level 18 in Stealth
    26 | D        | Reached XP level 5. HP: 38/38 MP: 5/5
    26 | D        | Reached XP level 6. HP: 44/44 MP: 6/6
    39 | D        | Found an ornate altar of the Wu Jian Council.
    39 | D        | Found a shimmering blue altar of Sif Muna.
    41 | D        | Found a radiant altar of Vehumet.
    58 | D        | Found Tizuro's Jewellery Emporium.
    58 | D        | Found an ancient bone altar of Kikubaaqudgha.
    58 | D        | Found a hazy altar of Hepliaklqana.
    58 | D        | Found a stormy altar of Qazlal.
    58 | D        | Found a hide-covered altar of Uskayaw.
    58 | D        | Found a blossoming altar of Fedhas.
    58 | D        | Found a bloodstained altar of Trog.
    58 | D        | Found an iron altar of Okawaru.
    58 | D        | Found a basalt altar of Yredelemnul.
    58 | D        | Found a snail-covered altar of Cheibriados.
    58 | D        | Found a sacrificial altar of Ru.
    58 | D        | Found a shadowy altar of Dithmenos.
    58 | D        | Noticed a yak
    59 | D        | Found an opulent altar of Gozag.
    60 | D        | Killed a yak
    61 | D        | Reached skill level 19 in Stealth
    61 | D        | Found a sparkling altar of Nemelex Xobeh.
    69 | D        | Became a worshipper of Dithmenos the Shadowed
   101 | D        | Noticed Sonja
   105 | D        | Noticed Sonja
   105 | D        | Sonja changed into Sonja the yak
   105 | D        | Mangled by Sonja the yak

Illustrated notes

Levels and vault maps discovered:
D:        dungeon_sprint_1 [red_sonja_temple_1, red_sonja_temple_small_1]

Skill      XL: |  1  2  3  4  5  6 |
---------------+-------------------+-----
Stealth        | 10 14 18 19 | 19.7
Short Blades   | 3 |  3.9
Spellcasting   | 2 |  2.9
Fighting       | |  1.7
Throwing       | |  1.5
Dodging        | |  1.1

Action                   |  1- 3 |  4- 6 || total
-------------------------+-------+-------++-------
Melee: Dagger            |     7 |     4 ||    11
       Bite              |     1 |       ||     1
Evoke: Wand              |       |     1 ||     1
  Use: Potion            |     1 |       ||     1
 Stab: Sleeping          |     1 |     3 ||     4
Armor: Robe              |     1 |       ||     1
Dodge: Dodged            |     1 |     1 ||     2
